[Event "Titled Tuesday Blitz May 03 Late 2022"]
[White "Gomez Dieguez, David"]
[Black "Al-Tarboush, Ward"]
[WhiteFideId "22223630"]
[BlackFideId "7601450"]
[WhiteElo "2115"]
[BlackElo "2276"]
[Result "1/2-1/2"]
[Round "01"]
[TimeControl "180+1"]
[Date "2022.05.03"]
[WhiteClock "0:00:20"]
[BlackClock "0:00:54"]

1. c4 b6 2. Nf3 Bb7 3. Nc3 Nf6 4. d4 e6 5. a3 Be7 6. d5 O-O 7. e4 d6 8. Bd3 Nbd7 9. O-O Ne5 10. Nd4 c5 11. dxc6 Nxc6 12. Nxc6 Bxc6 13. Bf4 Nd7 14. Bc2 Ne5 15. b3 Ng6 16. Bg3 Qd7 17. Qe2 Rad8 18. Rad1 Qc7 19. Nb5 Bxb5 20. cxb5 Bf6 21. Bd3 Rfe8 22. Rc1 Qe7 23. Rc6 Ne5 24. Bxe5 Bxe5 25. a4 d5 26. exd5 exd5 27. Qc2 g6 28. g3 Bd4 29. Kg2 Qe5 30. Rc7 Re7 31. Rxe7 Qxe7 32. Rc1 Qf6 33. Qe2 Kg7 34. Rc6 Qe5 35. Qf3 Rd7 36. h4 h5 37. Qe2 Qxe2 38. Bxe2 Bf6 39. Kf3 d4 40. Bd3 Be5 41. Ke4 f6 42. Bc4 Re7 43. Re6 Rd7 44. Rc6 Bd6 45. Be6 Rd8 46. Kd3 Bc5 47. Bc4 Bd6 48. Be6 Bb8 49. Rc8 Rxc8 50. Bxc8 Be5 51. f4 Bd6 52. Kxd4 f5 53. Kd3 Bc5 54. Ke2 Kf6 55. Bd7 Ke7 56. Bc6 Ke6 57. Be8 Kf6 58. Kf3 Bb4 59. Bc6 Be1 60. Bd5 Ke7 61. Bc4 Kf8 62. Bd5 Ke7 63. Bc4 Kf6 64. Bd5 Ke7 1/2-1/2


[Site "https://www.chess.com"]

[Event "Titled Tuesday Blitz May 03 Late 2022"]
[White "Gurevich, Dmitry"]
[Black "Melkumyan, Hrant"]
[WhiteFideId "2000407"]
[BlackFideId "13302485"]
[WhiteElo "2506"]
[BlackElo "2604"]
[Result "0-1"]
[Round "01"]
[TimeControl "180+1"]
[Date "2022.05.03"]
[WhiteClock "0:00:24"]
[BlackClock "0:01:11"]

1. d4 Nf6 2. c4 g6 3. Nc3 Bg7 4. e4 d6 5. Nf3 O-O 6. Be2 e5 7. O-O exd4 8. Nxd4 Re8 9. f3 c6 10. Kh1 Na6 11. Bg5 Nc5 12. Qd2 a5 13. Rad1 Qc7 14. Nb3 Ne6 15. Bh4 a4 16. Nc1 Nd7 17. Bg3 Nd4 18. Bf2 c5 19. Nd5 Qd8 20. Bd3 Nb8 21. Ne2 Nbc6 22. Nec3 Be6 23. Bg3 Ne5 24. Rfe1 h5 25. Bf1 h4 26. Bf2 h3 27. Bxd4 hxg2+ 28. Bxg2 cxd4 29. Nb5 Nxc4 30. Qb4 Bxd5 31. exd5 Ne3 32. Nxd6 Re7 33. Rd3 Nxd5 0-1


[Site "https://www.chess.com"]

[Event "Titled Tuesday Blitz May 03 Late 2022"]
[White "Hakobyan, Aram"]
[Black "Voege, Tobias"]
[WhiteFideId "13306677"]
[BlackFideId "1270513"]
[WhiteElo "2557"]
[BlackElo "2297"]
[Result "1-0"]
[Round "01"]
[TimeControl "180+1"]
[Date "2022.05.03"]
[WhiteClock "0:00:15"]
[BlackClock "0:00:01"]

1. d4 Nf6 2. c4 e6 3. a3 b6 4. Nc3 Bb7 5. Nf3 Ne4 6. Qc2 f5 7. Bf4 Be7 8. e3 O-O 9. h4 d6 10. Bd3 Nxc3 11. Qxc3 Nd7 12. Qc2 Qe8 13. Bg5 h6 14. Bxe7 Qxe7 15. h5 c5 16. d5 Ne5 17. Nxe5 dxe5 18. e4 exd5 19. cxd5 fxe4 20. Bxe4 Rad8 21. O-O-O Qf7 22. d6 Qf4+ 23. Rd2 Bxe4 24. Qc4+ Kh8 25. g3 Qg5 26. Qxe4 Rxd6 27. f4 Qe7 28. Rxd6 Qxd6 29. fxe5 Qe6 30. Rd1 Re8 31. Rd5 Qh3 32. g4 Qf1+ 33. Kc2 Qf2+ 34. Kb1 Qf7 35. Rd6 Qe7 36. Rd5 Qe6 37. Qf3 Qe7 38. Qf5 Rf8 39. Qd7 Qg5 40. e6 Qe3 41. Ka2 c4 42. Rb5 Rf6 43. e7 Re6 44. Rf5 Rxe7 45. Rf8+ Kh7 46. Qf5+ g6 47. Qxg6# 1-0


[Site "https://www.chess.com"]

[Event "Titled Tuesday Blitz May 03 Late 2022"]
[White "Hambleton, Aman"]
[Black "Bas Mas, Jose Joaquin"]
[WhiteFideId "2606577"]
[BlackFideId "22219064"]
[WhiteElo "2552"]
[BlackElo "2212"]
[Result "1-0"]
[Round "01"]
[TimeControl "180+1"]
[Date "2022.05.03"]
[WhiteClock "0:00:03"]
[BlackClock "0:00:01"]

1. d4 f5 2. c4 Nf6 3. h4 e6 4. g3 Bb4+ 5. Bd2 Be7 6. Bg2 d6 7. Nf3 O-O 8. Nc3 a5 9. O-O Ne4 10. Qc2 Nxc3 11. Bxc3 d5 12. Ne5 Bf6 13. Rad1 c6 14. cxd5 cxd5 15. Bd2 Bxe5 16. dxe5 Bd7 17. Bg5 Qc8 18. Qd2 Nc6 19. Bf4 Qc7 20. Rc1 Qb6 21. Bxd5 Rfd8 22. Bg2 Be8 23. Qe3 Qxe3 24. Bxe3 Nxe5 25. Bb6 Rd2 26. Bc7 Nc6 27. e4 Rxb2 28. exf5 exf5 29. Rfe1 Bf7 30. Rb1 Rxb1 31. Rxb1 Nb4 32. a3 Nd5 33. Rxb7 Re8 34. Bxa5 Nf6 35. Bb4 Ng4 36. Bc5 Re1+ 37. Bf1 Bc4 38. Rb8+ Kf7 39. f3 Nf6 40. Rb7+ Kg6 41. h5+ Kxh5 42. Kg2 Bxf1+ 43. Kf2 Ra1 44. Rxg7 Bd3 45. Bd4 Rb1 46. Bxf6 Rf1+ 47. Ke3 Bb5 48. Be5 Bc6 49. Rxh7+ Kg6 50. Rg7+ Kh6 51. f4 Rf3+ 52. Kd4 Rxa3 53. Rf7 Ra4+ 54. Kc5 Be4 55. Rf6+ Kh7 56. Bd6 Ra3 57. Rf7+ Kg6 58. Rf8 Rf3 59. Rg8+ Kh7 60. Rg5 Kh6 61. Bf8+ Kh7 62. Kd6 Rd3+ 63. Ke6 Rb3 64. Bd6 Rb6 65. Ke7 Rb7+ 66. Kf6 Rb6 67. Rh5+ Kg8 68. Ke6 Kg7 69. Rg5+ Kh6 70. Ke5 Kh7 71. Bc5 Rb5 72. Kd4 Rb1 73. g4 Rd1+ 74. Ke5 Bc2 75. gxf5 Re1+ 76. Kf6 Rd1 77. Rh5+ Kg8 78. Rg5+ Kh7 79. Be7 Rd5 80. Rg7+ Kh6 81. Rg6+ Kh7 82. Rg5 Kh6 83. Bf8+ Kh7 84. Rh5+ Kg8 85. Bb4 Rb5 86. Bc3 Kf8 87. Rh8# 1-0


[Site "https://www.chess.com"]

[Event "Titled Tuesday Blitz May 03 Late 2022"]
[White "Hasman, Cengiz"]
[Black "Maksimovic, Bojan"]
[WhiteFideId "413364"]
[BlackFideId "14408120"]
[WhiteElo "2020"]
[BlackElo "2448"]
[Result "0-1"]
[Round "01"]
[TimeControl "180+1"]
[Date "2022.05.03"]
[WhiteClock "0:01:27"]
[BlackClock "0:00:39"]

1. d4 Nf6 2. c4 d6 3. Nc3 e5 4. e3 Nbd7 5. Nf3 g6 6. Be2 Bg7 7. O-O O-O 8. h3 Re8 9. Rb1 e4 10. Nd2 Nf8 11. Qc2 Qe7 12. Nd5 Nxd5 13. cxd5 h5 14. b3 h4 15. Ba3 Bf5 16. Rbc1 Rac8 17. Bb5 Red8 18. Be2 Nd7 19. Nc4 b6 20. Nd2 Nf6 21. Ba6 Nxd5 22. Bxc8 Rxc8 23. Qc4 Qe6 24. Qa6 Bh6 25. Nc4 Bxh3 26. gxh3 Qxh3 27. Rc2 Qg4+ 28. Kh1 Qf3+ 29. Kg1 h3 30. Qxc8+ Kg7 31. Qxh3 Qxh3 32. Nd2 Nxe3 33. fxe3 Bxe3+ 34. Rf2 Qg3+ 0-1


[Site "https://www.chess.com"]

[Event "Titled Tuesday Blitz May 03 Late 2022"]
[White "Hirneise, Jens"]
[Black "Moskalenko, Alexander"]
[WhiteFideId "24614734"]
[BlackFideId "4155351"]
[WhiteElo "2359"]
[BlackElo "2434"]
[Result "0-1"]
[Round "01"]
[TimeControl "180+1"]
[Date "2022.05.03"]
[WhiteClock "0:00:24"]
[BlackClock "0:01:06"]

1. d4 e6 2. c4 b6 3. Nc3 Bb7 4. Nf3 f5 5. d5 Nf6 6. dxe6 dxe6 7. Qxd8+ Kxd8 8. Bg5 Nd7 9. O-O-O Bb4 10. Nb5 a6 11. Nbd4 Ke7 12. a3 Bd6 13. e3 h6 14. Bxf6+ Nxf6 15. Bd3 c5 16. Ne2 g5 17. Nc3 Rag8 18. Na4 Nd7 19. Be2 Bc6 20. Nc3 h5 21. Ne1 g4 22. h3 Be5 23. Kc2 Nf6 24. f3 Bc7 25. Rd2 h4 26. f4 gxh3 27. gxh3 Bxh1 0-1


[Site "https://www.chess.com"]

[Event "Titled Tuesday Blitz May 03 Late 2022"]
[White "Hnydiuk, Aleksander"]
[Black "Bifulco, Michel"]
[WhiteFideId "1109057"]
[BlackFideId "828580"]
[WhiteElo "2374"]
[BlackElo "2165"]
[Result "1-0"]
[Round "01"]
[TimeControl "180+1"]
[Date "2022.05.03"]
[WhiteClock "0:00:17"]
[BlackClock "0:00:03"]

1. c4 Nf6 2. g3 g6 3. Bg2 Bg7 4. Nc3 O-O 5. d4 d6 6. Nf3 Nc6 7. O-O a6 8. Bf4 Rb8 9. Rc1 Bd7 10. Qd2 b5 11. Nd5 e6 12. Nxf6+ Bxf6 13. Rfd1 Re8 14. d5 Ne7 15. dxe6 Bxe6 16. Bg5 Bxg5 17. Nxg5 Bxc4 18. b3 Be6 19. Qc3 c5 20. Ne4 Nf5 21. Nf6+ Kf8 22. Nxh7+ Ke7 23. Bc6 Nd4 24. Qe3 Nxc6 25. Rxc5 Qb6 26. Qg5+ Kd7 27. Nf6+ Kc8 28. Rxc6+ Qxc6 29. Rc1 Bc4 30. Nxe8 Qxe8 31. bxc4 bxc4 32. Rxc4+ Kb7 33. Qd5+ Ka7 34. Rc7+ Kb6 35. Qxd6+ Ka5 36. Qa3+ Kb5 37. Rc5+ Kb6 38. Qa5+ Ka7 39. Rc7+ Rb7 40. Qc5+ Kb8 41. Rxb7+ Kxb7 42. Qd5+ Ka7 43. e3 Qe7 44. h4 Qc7 45. Kg2 Qe7 46. g4 Qc7 47. h5 Qe7 48. h6 f5 49. Qd4+ Kb7 50. Qg7 1-0


[Site "https://www.chess.com"]

[Event "Titled Tuesday Blitz May 03 Late 2022"]
[White "Jacobson, Aaron"]
[Black "Burke, Paul"]
[WhiteFideId "2089912"]
[BlackFideId "2605767"]
[WhiteElo "2265"]
[BlackElo "1833"]
[Result "1-0"]
[Round "01"]
[TimeControl "180+1"]
[Date "2022.05.03"]
[WhiteClock "0:01:33"]
[BlackClock "0:00:34"]

1. f3 a6 2. g4 d6 3. e4 g6 4. d4 Bg7 5. Nc3 b6 6. Be3 h6 7. Qd2 Bb7 8. h4 e6 9. O-O-O Ne7 10. Nh3 Nd7 11. h5 g5 12. f4 f6 13. f5 e5 14. Bc4 b5 15. Bb3 b4 16. Nd5 Nxd5 17. exd5 O-O 18. Qxb4 Rb8 19. Qa5 Kh7 20. Nf2 Nb6 21. dxe5 dxe5 22. d6 Bxh1 23. dxc7 Qxc7 24. Rxh1 Qc6 25. Rd1 Rfc8 26. Nd3 Nc4 27. Qe1 Nxe3 28. Qxe3 a5 29. Ne1 a4 30. Bd5 Qb6 31. Qxb6 Rxb6 32. c4 Rc7 33. Kc2 Bf8 34. Nd3 Bc5 35. Nxc5 Rxc5 36. Kc3 Rc7 37. b4 Rb8 38. c5 Rd8 39. Kc4 Kg7 40. b5 Rdc8 41. c6 Rb8 42. Kc5 Re7 43. b6 1-0


[Site "https://www.chess.com"]

[Event "Titled Tuesday Blitz May 03 Late 2022"]
[White "Jacobson, Brandon"]
[Black "Wagner, Dinara"]
[WhiteFideId "30901561"]
[BlackFideId "24157570"]
[WhiteElo "2362"]
[BlackElo "2216"]
[Result "1-0"]
[Round "01"]
[TimeControl "180+1"]
[Date "2022.05.03"]
[WhiteClock "0:00:11"]
[BlackClock "0:00:04"]

1. Nf3 d5 2. e3 Nf6 3. c4 e6 4. Nc3 c5 5. cxd5 exd5 6. d4 Nc6 7. Bb5 Bg4 8. h3 Bxf3 9. Qxf3 cxd4 10. exd4 Bb4 11. O-O O-O 12. Rd1 Rc8 13. Bg5 Be7 14. Bxf6 Bxf6 15. Nxd5 Bg5 16. Bxc6 bxc6 17. Nc3 Qb6 18. Na4 Qb4 19. Qb3 Qd6 20. Qc4 Rfd8 21. Nc5 Qg6 22. Qd3 Qh6 23. Ne4 Be7 24. Rac1 Qf4 25. Qe3 Qf5 26. b3 g6 27. Rc4 Re8 28. Qd3 Qf4 29. Rdc1 Bf8 30. Ng3 Qd6 31. Qc3 Re6 32. Nf1 Bh6 33. Rd1 Rce8 34. Qf3 a6 35. g3 Rf6 36. Qd3 Qe6 37. Kg2 Qd5+ 38. Kg1 Rf3 39. Qc2 Qh5 40. Kg2 Rf6 41. g4 Qd5+ 42. Kg1 Qf3 43. Rd3 Qd5 44. Rc5 Qe4 45. Ng3 Qe1+ 46. Kg2 Bf4 47. Rd1 Qe6 48. Nf1 Bc7 49. Rd2 Bb8 50. Ne3 Qd6 51. Nf1 Re1 52. Qd3 Qf4 53. Ng3 Qd6 54. Re2 Rxe2 55. Qxe2 Qxd4 56. Rc2 Qd5+ 57. Qe4 Kg7 58. Qxd5 cxd5 59. Rd2 Bxg3 60. Kxg3 Rd6 61. Kf4 Kf6 62. Rd4 g5+ 63. Ke3 Ke5 64. f4+ gxf4+ 65. Rxf4 f6 66. Rf5+ Ke6 67. Kd4 Rd7 68. Rh5 Rb7 69. Rxd5 Rb4+ 70. Kc3 Rf4 71. Ra5 Rf3+ 72. Kd4 Rxh3 73. Rxa6+ Kf7 74. b4 Rg3 75. b5 Rxg4+ 76. Kc5 h5 77. b6 h4 78. b7 Rg5+ 79. Kc6 Rg8 80. Ra8 Rg1 81. b8=Q Rc1+ 82. Kd5 Rd1+ 83. Ke4 Re1+ 84. Kf3 Rf1+ 85. Kg2 Rd1 86. Qg8+ Ke7 87. Ra7+ 1-0


[Site "https://www.chess.com"]

[Event "Titled Tuesday Blitz May 03 Late 2022"]
[White "Janaszak, Dawid"]
[Black "Semenenko, Dmytry"]
[WhiteFideId "1119206"]
[BlackFideId "14118645"]
[WhiteElo "2199"]
[BlackElo "2113"]
[Result "1-0"]
[Round "01"]
[TimeControl "180+1"]
[Date "2022.05.03"]
[WhiteClock "0:01:13"]
[BlackClock "0:00:10"]

1. e4 Nf6 2. e5 Nd5 3. d4 d6 4. Nf3 Bg4 5. Be2 c6 6. O-O Bxf3 7. Bxf3 dxe5 8. dxe5 e6 9. c4 Ne7 10. Qe2 Nd7 11. Bf4 Ng6 12. Bg3 Qc7 13. Re1 Be7 14. Nc3 O-O 15. Be4 Rfd8 16. Qh5 Nc5 17. Bc2 Nd3 18. Bxd3 Rxd3 19. Ne4 Bb4 20. Rf1 Rd4 21. Ng5 Nf8 22. b3 h6 23. Nf3 Rd3 24. Qg4 Rad8 25. h4 Ng6 26. h5 Ne7 27. Bh4 R8d7 28. a3 Bc3 29. Rab1 Bxe5 30. Bxe7 Rxe7 31. Qe4 Rxf3 32. Qxf3 Rd7 33. Rfd1 Rd4 34. Rxd4 Bxd4 35. Rd1 e5 36. b4 Qe7 37. Qe4 Qg5 38. Qf3 f5 39. g3 e4 40. Qf4 Qxf4 41. gxf4 Bf6 42. Rd7 b6 43. Rxa7 Bb2 44. a4 c5 45. bxc5 bxc5 46. a5 Bd4 47. a6 e3 48. fxe3 Bxe3+ 49. Kg2 Bxf4 50. Rb7 1-0


[Site "https://www.chess.com"]

[Event "Titled Tuesday Blitz May 03 Late 2022"]
[White "Jian, Alex"]
[Black "Piesik, Piotr"]
[WhiteFideId "30901022"]
[BlackFideId "1136194"]
[WhiteElo "2111"]
[BlackElo "2190"]
[Result "1-0"]
[Round "01"]
[TimeControl "180+1"]
[Date "2022.05.03"]
[WhiteClock "0:00:32"]
[BlackClock "0:01:04"]

1. Nf3 g6 2. d4 Bg7 3. c4 d6 4. Nc3 Nd7 5. e4 e5 6. Be2 Ngf6 7. O-O O-O 8. d5 Nc5 9. Qc2 a5 10. Be3 Ne8 11. Nd2 f5 12. f3 Qh4 13. a3 Bh6 14. Bf2 Qd8 15. b4 axb4 16. axb4 Rxa1 17. Rxa1 Bxd2 18. bxc5 Bxc3 19. Qxc3 fxe4 20. fxe4 Nf6 21. Bf3 g5 22. Qe3 g4 23. Be2 dxc5 24. Ra8 Qd6 25. Bh4 Nd7 26. Bxg4 Nb6 27. Bxc8 Nxa8 28. Be6+ Kh8 29. Qh6 Nb6 30. Qf6+ 1-0


[Site "https://www.chess.com"]

[Event "Titled Tuesday Blitz May 03 Late 2022"]
[White "Jones, Gawain C B"]
[Black "Jegorovas, Aleksandras"]
[WhiteFideId "409561"]
[BlackFideId "12801950"]
[WhiteElo "2657"]
[BlackElo "2247"]
[Result "1-0"]
[Round "01"]
[TimeControl "180+1"]
[Date "2022.05.03"]
[WhiteClock "0:00:52"]
[BlackClock "0:00:08"]

1. Nf3 d5 2. g3 Nd7 3. d4 Nb6 4. Bg2 Bf5 5. a4 a5 6. O-O e6 7. b3 Nf6 8. Nbd2 h6 9. c4 Bb4 10. Ba3 O-O 11. Bxb4 axb4 12. Ne5 c6 13. Re1 Nbd7 14. e4 dxe4 15. Nxe4 Nxe5 16. Nxf6+ Qxf6 17. dxe5 Qe7 18. Qd6 Qxd6 19. exd6 Bc2 20. Re3 Rfd8 21. c5 Ra5 22. Rc1 Rxc5 23. Be4 Bxe4 24. Rxc5 Bd5 25. Ra5 Rxd6 26. Ra8+ Kh7 27. Rc8 Kg6 28. Rc7 c5 29. Rxc5 Bc6 30. Kf1 f5 31. Rc4 Kf6 32. Rxb4 e5 33. Ke2 g5 34. Rd3 Re6 35. a5 e4 36. Rd8 f4 37. gxf4 gxf4 38. Rb6 e3 39. f3 Kf5 40. b4 Rg6 41. Kf1 Bxf3 42. Rf8+ Kg5 43. Rxg6+ Kxg6 44. Rxf4 Bc6 45. Ke2 1-0


[Site "https://www.chess.com"]

[Event "Titled Tuesday Blitz May 03 Late 2022"]
[White "Kamsky, Gata"]
[Black "Perez Rodriguez, Jennifer"]
[WhiteFideId "2000024"]
[BlackFideId "3507831"]
[WhiteElo "2645"]
[BlackElo "2170"]
[Result "1-0"]
[Round "01"]
[TimeControl "180+1"]
[Date "2022.05.03"]
[WhiteClock "0:00:55"]
[BlackClock "0:00:17"]

1. d4 Nf6 2. Nf3 e6 3. Bf4 d5 4. e3 Bd6 5. c3 O-O 6. Nbd2 c5 7. Bd3 Qc7 8. Ne5 Nc6 9. Ndf3 Ne4 10. O-O f6 11. Nxc6 Qxc6 12. Qc2 f5 13. Bxd6 Nxd6 14. Ne5 Qc7 15. a3 c4 16. Be2 b5 17. a4 Bd7 18. axb5 Bxb5 19. h3 a5 20. f4 a4 21. Bf3 Rfb8 22. g4 g6 23. Kh2 Be8 24. gxf5 gxf5 25. Rg1+ Kh8 26. Rg2 a3 27. bxa3 Ba4 28. Qf2 Rg8 29. Rag1 Rxg2+ 30. Rxg2 Qe7 31. Rg5 Nf7 32. Nxf7+ Qxf7 33. Qh4 Be8 34. Rg2 Qf8 35. Bd1 Ba4 36. Bh5 Be8 37. Bxe8 Rxe8 38. a4 Ra8 39. Ra2 Ra5 40. Qg5 Ra7 41. a5 Rg7 42. Qh4 Qb8 43. Qf6 Qb3 44. Rg2 Qb7 45. Qf8+ 1-0


[Site "https://www.chess.com"]

[Event "Titled Tuesday Blitz May 03 Late 2022"]
[White "Karttunen, Mika"]
[Black "Sailer, Mike"]
[WhiteFideId "502081"]
[BlackFideId "2012901"]
[WhiteElo "2343"]
[BlackElo "2109"]
[Result "1-0"]
[Round "01"]
[TimeControl "180+1"]
[Date "2022.05.03"]
[WhiteClock "0:00:39"]
[BlackClock "0:00:02"]

1. e4 d5 2. exd5 Qxd5 3. Nc3 Qd6 4. d4 Nf6 5. Bc4 c6 6. Nf3 Bg4 7. Be3 e6 8. h3 Bh5 9. g4 Bg6 10. Ne5 Nbd7 11. f4 Ne4 12. Nxg6 Nxc3 13. bxc3 hxg6 14. Qf3 Be7 15. O-O Nb6 16. Bd3 Nd5 17. Bd2 O-O-O 18. Rfb1 Rh7 19. c4 Nf6 20. Be3 Rdh8 21. Bf1 Nd7 22. Rb3 f6 23. Rab1 b6 24. a4 e5 25. c5 Qd5 26. Qxd5 cxd5 27. c6 Nb8 28. dxe5 fxe5 29. fxe5 Kc7 30. a5 Nxc6 31. axb6+ axb6 32. Rxb6 Kd7 33. e6+ Kxe6 34. Rxc6+ Ke5 35. Re1 1-0


[Site "https://www.chess.com"]

[Event "Titled Tuesday Blitz May 03 Late 2022"]
[White "Kate1606"]
[Black "Djokic, Mihailo"]
[BlackFideId "976440"]
[WhiteElo "2125"]
[BlackElo "2202"]
[Result "0-1"]
[Round "01"]
[TimeControl "180+1"]
[Date "2022.05.03"]
[WhiteClock "0:00:06"]
[BlackClock "0:01:16"]

1. e4 c5 2. a3 Nc6 3. b4 cxb4 4. axb4 Nxb4 5. d4 d5 6. c3 Nc6 7. exd5 Qxd5 8. Na3 Bf5 9. Nb5 Qd7 10. Bf4 Rc8 11. d5 Nd8 12. Nf3 f6 13. Nxa7 Rc5 14. c4 e5 15. dxe6 Nxe6 16. Qxd7+ Kxd7 17. Rd1+ Ke8 18. Be3 Ra5 19. Nb5 Bb4+ 20. Nd2 Ne7 21. Be2 Kf7 22. O-O Rd8 23. Nb3 Rxd1 24. Rxd1 Ra2 25. N3d4 Nxd4 26. Nxd4 Bd7 27. Bf3 b6 28. Rb1 Bc5 29. g3 Ng6 30. Kg2 Ne5 31. Nb5 Bxe3 32. Bd5+ Kg6 0-1


[Site "https://www.chess.com"]

[Event "Titled Tuesday Blitz May 03 Late 2022"]
[White "Keymer, Vincent"]
[Black "Hamley, Ryan"]
[WhiteFideId "12940690"]
[BlackFideId "30959497"]
[WhiteElo "2557"]
[BlackElo "2508"]
[Result "1-0"]
[Round "01"]
[TimeControl "180+1"]
[Date "2022.05.03"]
[WhiteClock "0:00:25"]
[BlackClock "0:00:16"]

1. Nf3 d5 2. e3 c5 3. b3 Nc6 4. Bb2 Nf6 5. Bb5 Bf5 6. Ne5 Qc7 7. O-O e6 8. d3 Bd6 9. Bxc6+ bxc6 10. f4 O-O 11. Nd2 Nd7 12. Nxd7 Qxd7 13. Qf3 Bg6 14. e4 f5 15. e5 Be7 16. Qf2 a5 17. a4 Rfd8 18. Ba3 d4 19. Nc4 Ra6 20. h3 Bh5 21. Bc1 Qd5 22. Bd2 Rda8 23. Kh2 Kh8 24. Rg1 h6 25. Raf1 Bg6 26. g4 Kh7 27. Qg3 Bf8 28. Qe1 Qd8 29. Qf2 R8a7 30. Be1 Rf7 31. Qg2 Rfa7 32. Rf3 Qd5 33. Bh4 h5 34. Qg3 Rf7 35. Rf2 Ra8 36. Nb6 1-0


[Site "https://www.chess.com"]

[Event "Titled Tuesday Blitz May 03 Late 2022"]
[White "Khanin, Semen"]
[Black "Donchenko, Anatoly"]
[WhiteFideId "4111990"]
[BlackFideId "4106091"]
[WhiteElo "2442"]
[BlackElo "2339"]
[Result "1-0"]
[Round "01"]
[TimeControl "180+1"]
[Date "2022.05.03"]
[WhiteClock "0:01:57"]
[BlackClock "0:02:10"]

1. c4 e6 2. Nf3 d5 3. e3 Nf6 4. b3 b6 5. Bb2 Be7 6. g3 O-O 7. Bg2 Bb7 8. O-O c5 9. Nc3 dxc4 10. bxc4 Nc6 11. Qe2 Qc7 12. d3 Rac8 13. Rad1 Rfd8 14. Ne1 Nb4 15. f4 Bxg2 16. Nxg2 Rd7 17. a3 Nc6 18. f5 exf5 19. Rxf5 Rcd8 20. g4 h6 21. h4 Qg3 22. Rxf6 Bxf6 23. Ne4 Qc7 24. Bxf6 Ne5 25. Bxd8 Qxd8 26. Nf2 Nxc4 27. dxc4 1-0


[Site "https://www.chess.com"]

[Event "Titled Tuesday Blitz May 03 Late 2022"]
[White "Kholin, Aleksandr"]
[Black "Wagner, Dennis"]
[WhiteFideId "14179385"]
[BlackFideId "24650684"]
[WhiteElo "2450"]
[BlackElo "2355"]
[Result "1-0"]
[Round "01"]
[TimeControl "180+1"]
[Date "2022.05.03"]
[WhiteClock "0:00:17"]
[BlackClock "0:00:12"]

1. d4 Nf6 2. c4 e6 3. Nf3 d5 4. Nc3 Be7 5. cxd5 exd5 6. Bg5 c6 7. Qc2 g6 8. e3 Bf5 9. Bd3 Bxd3 10. Qxd3 O-O 11. O-O Nbd7 12. Rab1 a5 13. a3 Re8 14. Qc2 Ne4 15. Nxe4 dxe4 16. Bxe7 Qxe7 17. Nd2 a4 18. Nc4 h5 19. Rfd1 h4 20. h3 Ra6 21. Rbc1 Qe6 22. Qc3 Qd5 23. Rc2 Kh7 24. Rdc1 g5 25. Nd2 Nf6 26. Qc4 Re7 27. Qxd5 Nxd5 28. Nc4 f6 29. Nd6 Kg6 30. Kf1 f5 31. Nc4 Kf6 32. Ne5 Rb6 33. Nc4 Rb3 34. Na5 Rb5 35. Nc4 Ke6 36. Ke2 Re8 37. Rg1 Rh8 38. Rh1 Rg8 39. Ne5 f4 40. Nc4 Rb3 41. Nd2 fxe3 42. Nxb3 axb3 43. Rcc1 exf2 44. Kxf2 Rf8+ 45. Ke1 Ne3 46. Rg1 Kd5 47. Rc3 Nc2+ 48. Kd1 Nxd4 49. g3 Rf2 50. gxh4 gxh4 51. Rg5+ Kd6 52. Rg6+ Ke5 53. Rg5+ Kf4 54. Rg4+ Kf5 55. Rc4 Ne6 56. Rcxe4 Rxb2 57. Rb4 b5 58. Rxh4 Ke5 59. Rh5+ Kd6 60. Kc1 Rc2+ 61. Kb1 Rc3 62. Kb2 Rg3 63. Rxb3 Rg2+ 64. Kb1 Nc5 65. Rc3 Ne4 66. Re3 Nd2+ 67. Kc1 Nc4 68. Rd3+ Kc7 69. Rh7+ Kb6 70. h4 Ka5 71. h5 Rh2 72. h6 c5 73. Rd8 Ka4 74. Rc8 Kb3 75. Kd1 Kxa3 76. Rxc5 Kb4 77. Rc8 Kc3 78. Rc6 b4 79. Rb7 Rxh6 80. Rxh6 b3 81. Rc6 b2 82. Rxc4+ Kxc4 83. Rxb2 Kc3 84. Rc2+ Kb3 85. Kd2 Kb4 86. Kd3 Kb3 87. Rc5 Kb4 88. Kd4 Kb3 89. Rc4 Kb2 90. Kd3 Kb1 91. Rc2 Ka1 92. Kc3 1-0


[Site "https://www.chess.com"]

[Event "Titled Tuesday Blitz May 03 Late 2022"]
[White "Kim, Sergey"]
[Black "Andreikin, Dmitry"]
[WhiteFideId "13700570"]
[BlackFideId "4158814"]
[WhiteElo "2528"]
[BlackElo "2736"]
[Result "0-1"]
[Round "01"]
[TimeControl "180+1"]
[Date "2022.05.03"]
[WhiteClock "0:01:52"]
[BlackClock "0:02:13"]

1. d4 d5 2. c4 e6 3. Nc3 a6 4. cxd5 exd5 5. Nf3 Nf6 6. Bg5 Be6 7. e3 Nbd7 8. Bd3 h6 9. Bh4 Bd6 10. Qc2 O-O 11. O-O Rc8 12. Rac1 c5 13. Bf5 Qe8 14. Bg3 Bxg3 15. hxg3 c4 16. Rfe1 b5 17. e4 Bxf5 18. exf5 Qd8 19. Ne5 b4 20. Ne2 Qb6 21. Nxd7 Nxd7 22. Qd2 Nf6 23. Qf4 Rfe8 24. f3 Re7 25. g4 Rce8 26. Kf1 Qb5 27. Kf2 c3 0-1


[Site "https://www.chess.com"]

[Event "Titled Tuesday Blitz May 03 Late 2022"]
[White "Koelle, Tobias"]
[Black "Karas, Marek"]
[WhiteFideId "16207378"]
[BlackFideId "14928558"]
[WhiteElo "2541"]
[BlackElo "2271"]
[Result "1-0"]
[Round "01"]
[TimeControl "180+1"]
[Date "2022.05.03"]
[WhiteClock "0:01:25"]
[BlackClock "0:00:22"]

1. Nf3 Nf6 2. e3 g6 3. d4 Bg7 4. Be2 O-O 5. O-O d5 6. c4 c6 7. Nc3 Bg4 8. h3 Bxf3 9. Bxf3 e6 10. b3 Nbd7 11. Bb2 Re8 12. Qc2 Qe7 13. Rfe1 Rac8 14. a4 a6 15. Ba3 Qd8 16. Bd6 Bf8 17. Bh2 dxc4 18. bxc4 e5 19. Red1 Qa5 20. Qb3 exd4 21. exd4 Qb4 22. Rab1 Qxb3 23. Rxb3 b5 24. axb5 cxb5 25. cxb5 axb5 26. Nxb5 h5 27. Nd6 Bxd6 28. Bxd6 Rc2 29. Bg3 Rec8 30. Kh2 g5 31. Rb5 g4 32. hxg4 hxg4 33. Rg5+ Kf8 34. Bd6+ Ke8 35. Re1+ Kd8 36. Bxg4 Nxg4+ 37. Rxg4 Nb6 38. Re7 1-0


[Site "https://www.chess.com"]

[Event "Titled Tuesday Blitz May 03 Late 2022"]
[White "Koellner, Ruben Gideon"]
[Black "Petrova, Irina"]
[WhiteFideId "12993093"]
[BlackFideId "14124122"]
[WhiteElo "2615"]
[BlackElo "1993"]
[Result "1-0"]
[Round "01"]
[TimeControl "180+1"]
[Date "2022.05.03"]
[WhiteClock "0:00:03"]
[BlackClock "0:00:01"]

1. e4 c5 2. Nc3 Nc6 3. Bb5 Nd4 4. Nf3 a6 5. Bd3 g6 6. Nxd4 cxd4 7. Ne2 Bg7 8. O-O d6 9. c3 dxc3 10. dxc3 Nf6 11. h3 O-O 12. Be3 b5 13. a4 bxa4 14. Qxa4 Bb7 15. Ng3 Nd7 16. Rfd1 Qc7 17. Qa5 Rfc8 18. Qxc7 Rxc7 19. Ra5 Ne5 20. Be2 Nc4 21. Bxc4 Rxc4 22. f3 Rb8 23. Ba7 Ra8 24. Be3 Rb8 25. Ne2 Bc8 26. Rd2 Rc7 27. Kf2 Bf6 28. Bd4 Kg7 29. e5 dxe5 30. Bxe5 Bxe5 31. Rxe5 Rcb7 32. b4 Rc7 33. Ra5 Bb7 34. Ke3 Rbc8 35. g4 Rc6 36. f4 Re6+ 37. Kf2 Rec6 38. Rd7 R6c7 39. Rxc7 Rxc7 40. Ke3 f6 41. h4 Kf7 42. g5 Kg7 43. Ra1 h6 44. Rg1 hxg5 45. hxg5 fxg5 46. Rxg5 Kf6 47. Re5 Bc8 48. Kd4 Rd7+ 49. Rd5 Rxd5+ 50. Kxd5 Kf5 51. Kd4 Bb7 52. Ke3 g5 53. Nd4+ Kg4 54. fxg5 Kxg5 55. Ne6+ Kf6 56. Nc5 Bc8 57. Ke4 e6 58. Nd3 Bb7+ 59. Kd4 Kf5 60. Ne5 Bd5 61. c4 Bb7 62. c5 Bc8 63. c6 Kf4 64. Nf7 a5 65. bxa5 Ba6 66. c7 Bb7 67. Nd6 e5+ 68. Kc5 Ba6 69. Kb6 1-0


[Site "https://www.chess.com"]

[Event "Titled Tuesday Blitz May 03 Late 2022"]
[White "Kohler, Aran"]
[Black "Gascon Del Nogal, Jose Rafael"]
[WhiteFideId "1002856"]
[BlackFideId "3902463"]
[WhiteElo "2310"]
[BlackElo "2473"]
[Result "1-0"]
[Round "01"]
[TimeControl "180+1"]
[Date "2022.05.03"]
[WhiteClock "0:00:35"]
[BlackClock "0:00:09"]

1. d4 Nf6 2. c3 b6 3. Bg5 Ne4 4. Bh4 g5 5. Bg3 h5 6. f3 Nxg3 7. hxg3 d5 8. Nd2 Qd6 9. Kf2 h4 10. gxh4 gxh4 11. e4 Qg3+ 12. Ke3 Bh6+ 13. Kd3 dxe4+ 14. Nxe4 Bf5 15. Kc4 Bxe4 16. fxe4 Nd7 17. Nf3 Bg7 18. a4 c5 19. Kb3 Rc8 20. Rh3 Qf4 21. e5 cxd4 22. cxd4 Rh6 23. Bb5 Kd8 24. Qd2 Qf5 25. Rc1 Rxc1 26. Qxc1 Nb8 27. Qc4 a6 28. Bxa6 Nxa6 29. Qxa6 Qe6+ 30. Ka3 Qd5 31. Rxh4 Rc6 32. Qb5 Qd7 33. d5 Rc5 34. Qxd7+ Kxd7 35. Rd4 e6 36. dxe6+ Kxe6 37. Rd6+ Ke7 38. Rxb6 Bf8 39. Rb7+ Ke6 40. b4 Rc3+ 41. Kb2 Re3 42. a5 Re2+ 43. Kb3 Rxg2 44. a6 Bh6 45. a7 1-0


[Site "https://www.chess.com"]